Map: Prion Terraces

Players

Kenudo

  • Race: Protoss Protoss
  • League: Diamond

LilDicky - Winner!

  • Race: Terran Terran
  • League: Diamond

VOD

http://www.twitch.tv/tumescentpie

Description

Time

  • Played on: Dec. 6, 2015, 10:50 p.m.
  • Length: 9:50
Show
View Real Time Build Order
Export as new Build Order

Kenudo Protoss 

Build Orders:  

Get SALT Encoding   

  12  0:01  Probe (Chrono Boost)  
  13  0:11  Probe (Chrono Boost)  
  14  0:25  Probe (Chrono Boost)  
  14  0:26  Pylon  
  15  0:44  Probe (Chrono Boost)  
  16  0:55  Probe (Chrono Boost)  
  17  1:00  Gateway  
  17  1:19  Probe (Chrono Boost), Assimilator  
  18  1:30  Probe (Chrono Boost)  
  18  1:32  Nexus  
  19  1:40  Probe (Chrono Boost)  
  19  1:45  Pylon  
  19  1:46  Assimilator  
  20  1:51  Probe (Chrono Boost)  
  21  2:04  Cybernetics Core  
  21  2:06  Probe (Chrono Boost)  
  22  2:11  Zealot  
  24  2:17  Probe (Chrono Boost)  
  25  2:28  Probe (Chrono Boost), Pylon  
  26  2:41  Mothership Core (Chrono Boost)  
  26  2:42  Warp Gate  
  26  2:44  Stalker  
  30  2:46  Probe (Chrono Boost)  
  30  2:51  Forge  
  31  3:07  Pylon  
  31  3:16  Stalker  
  31  3:18  Probe x2 (Chrono Boost)  
  35  3:35  Probe x2 (Chrono Boost)  
  35  3:39  Pylon  
  37  3:43  Robotics Facility  
  37  3:46  Gateway  
  37  3:51  Gateway  
  37  4:04  Probe x2 (Chrono Boost)  
  37  4:06  Protoss Ground Weapons Level 1  
  39  4:14  Photon Cannon  
  39  4:17  Probe (Chrono Boost)  
  40  4:19  Probe (Chrono Boost)  
  40  4:22  Pylon  
  41  4:28  Probe (Chrono Boost)  
  41  4:30  Warp Prism  
  44  4:44  Pylon x2  
  45  4:52  Probe (Chrono Boost)  
  45  4:53  Probe (Chrono Boost), Pylon  
  46  5:05  Adept x2  
  46  5:06  Adept  
  46  5:36  Adept  
  46  5:37  Adept x2  
  46  5:42  Assimilator  
  52  5:43  Assimilator  
  52  5:46  Gateway  
  52  5:47  Gateway  
  52  5:50  Gateway  
  52  5:54  Twilight Council  
  52  5:57  Pylon  
  52  6:12  Adept x3  
  46  7:25  Zealot  
  44  8:39  Nexus  
  44  8:40  Pylon  
  44  8:58  Nexus  
  44  9:02  Pylon  
Show
View Real Time Build Order
Export as new Build Order

LilDicky Terran - Winner!

Build Orders: MMM Bio 

Get SALT Encoding   

  12  0:01  SCV  
  13  0:13  SCV  
  14  0:18  Supply Depot  
  14  0:26  SCV  
  15  0:31  Refinery  
  15  0:39  SCV  
  16  0:48  Barracks  
  16  0:51  SCV  
  17  1:03  SCV  
  18  1:16  SCV  
  20  1:38  Supply Depot, Marine  
  21  1:40  Orbital Command  
  21  1:42  Factory  
  20  1:58  Marine  
  21  2:04  Barracks  
  21  2:07  SCV  
  22  2:08  Barracks  
  22  2:13  Refinery  
  22  2:18  Barracks Reactor  
  22  2:20  SCV  
  23  2:32  SCV  
  24  2:38  Widow Mine  
  24  2:44  SCV  
  27  2:49  Supply Depot  
  27  2:51  Barracks Tech Lab  
  27  2:55  Marine x2  
  27  2:56  SCV  
  27  2:57  Barracks Tech Lab  
  28  3:15  Stimpack  
  28  3:16  Combat Shields  
  28  3:17  Marine x2  
  28  3:18  Marine  
  31  3:23  Marine  
  31  3:25  SCV  
  33  3:46  SCV, Marine x4  
  38  3:51  Starport  
  37  4:04  Marine x2  
  37  4:08  Supply Depot  
  39  4:17  SCV, Marine x2  
  39  4:22  Marine x2  
  44  4:27  Medivac  
  46  4:34  Supply Depot  
  46  4:35  Marauder x2  
  50  4:39  Marine  
  50  4:40  Marine  
  50  4:42  Concussive Shells  
  52  4:57  Marine x2, Medivac, Marauder x2  
  60  5:15  Marine x2  
  55  5:58  Marine  
  55  5:59  Marine x3  
  58  6:16  Marine x3  
  58  6:17  Marauder  
  46  6:34  Marine x2  
  46  6:35  Marauder  
  46  6:39  Marauder  
  45  6:52  Marine x2  
  44  6:56  Marauder  
  44  7:00  Marauder  
  42  7:10  Marine x2  
  39  7:18  Marauder  
  39  7:21  Marine  
  39  7:27  Marine  
  39  7:28  Marine  
  34  7:38  Marine  
  34  7:39  Marine  
  36  7:45  Marine  
  35  8:02  Marine x3  
  38  8:12  Orbital Command  
Tags
 
Add a new tag
Caveats
  • Supply blocks, unpowered buildings, or Contaminate may cause inaccurate times.
  • Supply counts are checked every 10 seconds.